 Dungeon Crawl Stone Soup version 0.30-a0-4-ga7cffc901d (webtiles) character file.

Game seed: 12803327267191280668

39 experimilk the Cudgeller (level 3, -1/31 HPs)
             Began as a Palentonga Fighter on Aug 21, 2022.
             Slain by an adder (3 damage)
             ... on level 2 of the Dungeon.
             The game lasted 00:02:25 (666 turns).

experimilk the Cudgeller (Palentonga Fighter)        Turns: 666, Time: 00:02:25

Health: -1/31      AC:  6    Str: 23    XL:     3   Next: 28%
Magic:  3/3        EV:  7    Int:  8    God:
Gold:   68         SH:  4    Dex:  9    Spells: 2/2 levels left

rFire   . . .      SeeInvis +    a - +0 flail
rCold   . . .      Faith    .    c - +0 buckler
rNeg    . . .      Spirit   .    b - +0 scale mail
rPois   .          Reflect  .    k - +0 hat
rElec   .          Harm     .    (no cloak)
rCorr   .          Rampage  .    (no gloves)
Will    .....                    (no barding)
Stlth   ..........               (no amulet)
HPRegen 0.10/turn                (no ring)
MPRegen 0.08/turn                (no ring)

@: mighty
A: large, rugged brown scales 3, see invisible, deformed body, roll 1, armoured
tail
a: Rolling Charge


You were on level 2 of the Dungeon.
You visited 1 branch of the dungeon, and saw 2 of its levels.

You collected 68 gold pieces.

Inventory:

Hand Weapons
 a - a +0 flail (weapon)
Missiles
 m - 2 stones (quivered)
Armour
 b - a +0 scale mail (worn)
 c - a +0 buckler (worn)
 k - a +0 hat (worn)
Scrolls
 h - a scroll of teleportation {unknown}
 i - a scroll of identify {unknown}
Potions
 e - a potion of degeneration {unknown}
 f - a potion of haste {unknown}
 g - a potion of lignification {unknown}
 j - a potion of curing {unknown}
 l - a potion of ambrosia {unknown}
 n - 2 potions of heal wounds {unknown}
 o - a potion of resistance {unknown}


   Skills:
 - Level 3.0 Fighting
 + Level 3.8 Maces & Flails
 - Level 2.4 Armour
 - Level 2.6 Shields


You had 2 spell levels left.
You didn't know any spells.
Your spell library was empty.

Dungeon Overview and Level Annotations

Branches:
Dungeon (2/15)

Altars:


Innate Abilities, Weirdness & Mutations

You are completely covered in rugged brown scales. (AC +3, +7% HP)
You have supernaturally acute eyesight. (SInv)
Armour fits poorly on your strangely shaped body.
You can roll at nearby foes to attack.
You have a long armoured tail.


Message History

The adder poisons you!
The hobgoblin hits you but does no damage.
You barely miss the adder. You tail-slap the adder!
The adder is severely wounded.
You feel sick. The adder bites you but does no damage. The hobgoblin hits you.
Unknown command.
You hit the adder but do no damage.
The adder is severely wounded.
You feel sick. The adder bites you. x2
The hobgoblin hits you but does no damage.
You barely miss the adder.
The adder is severely wounded.
You feel sick. The adder bites you but does no damage.
The hobgoblin barely misses you. The adder bites you.
You completely miss the adder.
The adder is severely wounded.
You feel sick.
The hobgoblin hits you but does no damage.
The adder bites you but does no damage.
You miss the adder.
Your tail-slap misses the adder.
The adder is severely wounded.
You feel sick.
You are no longer poisoned.
The adder barely misses you. The hobgoblin hits you.
* * * LOW HITPOINT WARNING * * *
The adder completely misses you. You block the hobgoblin's attack.
You feel very mighty all of a sudden. The adder bites you.
* * * LOW HITPOINT WARNING * * *
The hobgoblin barely misses you.
You barely miss the adder.
Your tail-slap misses the adder.
The adder is severely wounded.
The adder bites you.
* * * LOW HITPOINT WARNING * * *
The hobgoblin hits you but does no damage.
The adder bites you but does no damage.
You closely miss the adder.
The adder is severely wounded.
The adder bites you.
You die...

.........# ##........
.........########...........
.............<. ...............
.........##### #..............
............## #..............
........#....# #.......^......
#......##..#.####..............
#########..#....S#.............
##....##@g.............
#.##.#####........# #>##.#
#####...$# #..#.. .........
.#.... .......... . ....
#.......... # #.... #..........
.. .........S. .[##...##...


You could see an adder and a hobgoblin.

Vanquished Creatures
  An adder (D:2)
  A dart slug (D:1)
  4 bats (D:1)
  5 endoplasms
  3 goblins (D:1)
  2 hobgoblins (D:1)
  2 quokkas
  2 ball pythons (D:1)
  2 frilled lizards
  A kobold (D:1)
  4 rats
27 creatures vanquished.

Notes
Turn   | Place    | Note
-------+----------+-------------------------------------------
     0 | D:1      | experimilk the Palentonga Fighter began the quest for the
                  | Orb.
     0 | D:1      | Reached XP level 1. HP: 19/19 MP: 1/1
   118 | D:1      | Reached XP level 2. HP: 18/25 MP: 2/2
   643 | D:2      | Reached XP level 3. HP: 31/31 MP: 3/3
   666 | D:2      | Slain by an adder

Illustrated notes

Levels and vault maps discovered:
D:1:      lordsloth_arrival_two_stooges, layout_rooms
D:2:      layout_rooms, hellmonk_ecumenical_altar_pennies_from_heaven,
          uniq_terence

Skill      XL: |  1  2 |
---------------+-------+-----
Maces & Flails | 3 |  3.8
Fighting       | |  3.0
Armour         | |  2.4
Shields        | |  2.6

Action                   || total
-------------------------++-------
Melee: Flail             ||    67
       Tailslap          ||     8
Throw: Stone             ||     7
 Abil: Rolling Charge    ||    14
  Use: Potion            ||     1
Armor: Scale mail        ||    42
Dodge: Dodged            ||    20
Block: Buckler           ||     8

Table legend: (Time is in decaauts)
 A = Elapsed time spent in this place.
 B = Non-inter-level travel time spent in this place.
 C = Inter-level travel time spent in this place.
 D = Time resting spent in this place.
 E = Time spent auto-exploring this place.
 F = Levels seen in this place.
 G = Mean time per level.
                   A        B        C        D        E       F      G
               +--------+--------+--------+--------+--------+-----+--------+
         Total |    684 |    667 |     17 |    153 |    224 |   2 |  342.0 |
       Dungeon |    684 |    667 |     17 |    153 |    224 |   2 |  342.0 |
               +--------+--------+--------+--------+--------+-----+--------+

Top non-repeatable levels by time:
     D:1: 588 daAuts
     D:2: 96 daAuts
